 Dungeon Crawl Stone Soup version 0.30.1-4-g462c640d31 (webtiles) character file.

Game seed: 10573608063977938758

7 Bobit the Vexing (level 2, -2/26 HPs)
             Began as a Gnoll Wanderer on Aug 13, 2023.
             Slain by a quokka (4 damage)
             ... on level 1 of the Dungeon.
             The game lasted 00:01:39 (183 turns).

Bobit the Vexing (Gnoll Wanderer)                    Turns: 183, Time: 00:01:40

Health: -2/26      AC:  2    Str:  9    XL:     2   Next: 4%
Magic:  5/5        EV: 11    Int: 12    God:
Gold:   11         SH:  0    Dex: 12    Spells: 5/6 levels left

rFire   . . .        a - +0 dagger
rCold   . . .        (no shield)
rNeg    . . .        d - +0 robe
rPois   .            (no helmet)
rElec   .            (no cloak)
rCorr   +            (no gloves)
SInv    .            (no boots)
Will    .....        (no amulet)
Stlth   ++           g - ring of resist corrosion
HPRegen 0.24/turn    (no ring)
MPRegen 0.09/turn

%: no passive effects
@: no status effects
A: fangs 1, strong nose, distributed training
a: no special abilities


You were on level 1 of the Dungeon.
You visited 1 branch of the dungeon, and saw 1 of its levels.

You collected 11 gold pieces.

Inventory:

Hand Weapons
 a - a +0 dagger (weapon)
Armour
 d - a +0 robe (worn)
 f - a +0 helmet
Jewellery
 g - a ring of resist corrosion (left hand)
Scrolls
 b - a scroll of fog
Potions
 c - a potion of heal wounds
 e - a potion of curing


   Skills:
 + Level 4.4 Fighting
 + Level 0.2 Short Blades
 + Level 0.2 Long Blades
 + Level 0.2 Axes
 + Level 0.2 Maces & Flails
 + Level 0.2 Polearms
 + Level 0.2 Staves
 + Level 0.2 Ranged Weapons
 + Level 0.2 Throwing
 + Level 2.4 Armour
 + Level 0.2 Dodging
 + Level 4.0 Stealth
 + Level 0.2 Shields
 + Level 0.2 Unarmed Combat
 + Level 2.6 Spellcasting
 + Level 0.1 Conjurations
 + Level 5.3 Hexes
 + Level 0.1 Summonings
 + Level 0.1 Necromancy
 + Level 0.1 Translocations
 + Level 0.1 Transmutations
 + Level 0.1 Fire Magic
 + Level 0.1 Ice Magic
 + Level 0.1 Air Magic
 + Level 0.1 Earth Magic
 + Level 0.1 Poison Magic
 + Level 2.4 Invocations
 + Level 0.2 Evocations


You had 5 spell levels left.
You knew the following spells:

 Your Spells              Type           Power      Damage    Failure   Level
a - Slow                  Hex            56%        N/A       2%          1

Your spell library contained the following spells:

 Spells                   Type           Power      Damage    Failure   Level
 Dazzling Flash           Conj/Hex       16%        N/A       24%         3
 Cause Fear               Hex            7%         N/A       28%         4


Dungeon Overview and Level Annotations

Branches:
Dungeon (1/15)

Altars:


Innate Abilities, Weirdness & Mutations

You have very sharp teeth.
Your uncanny sense of smell can sniff out nearby items.
Your experience applies equally to all skills.


Message History

You are too injured to fight recklessly!
You are too injured to fight recklessly!
You are too injured to fight recklessly!
You are too injured to fight recklessly!
You are too injured to fight recklessly!
You are too injured to fight recklessly!
You are too injured to fight recklessly!
You are too injured to fight recklessly!
You are too injured to fight recklessly!
You are too injured to fight recklessly!
You are too injured to fight recklessly!
You are too injured to fight recklessly!
You are too injured to fight recklessly!
You are too injured to fight recklessly!
You are too injured to fight recklessly!
You are too injured to fight recklessly!
You hit the hobgoblin.
You bite the hobgoblin, but do no damage.
The hobgoblin is lightly wounded.
The goblin hits you with a +0 club. The hobgoblin barely misses you.
You barely miss the hobgoblin.
The hobgoblin is lightly wounded.
The goblin hits you with a +0 club. The hobgoblin hits you.
You hit the hobgoblin but do no damage.
The hobgoblin is lightly wounded.
The goblin misses you.
The hobgoblin hits you but does no damage.
You hit the hobgoblin.
The hobgoblin is heavily wounded.
The goblin hits you with a +0 club. The hobgoblin hits you.
* * * LOW HITPOINT WARNING * * *
You hit the hobgoblin.
You kill the hobgoblin!
The goblin hits you with a +0 club.
* * * LOW HITPOINT WARNING * * *
You have reached level 2!
You barely miss the quokka. The quokka bites you.
* * * LOW HITPOINT WARNING * * *
The goblin closely misses you. The quokka bites you.
You die...

#.... ..........##.#.....
.##.... ..........#........
>...... ..........#........
....... ..........#........
.......## #..........#....
........####+##.###........
.#........#...........##...
.........g#.........#.##...
........Kr@................
........###...........#####
......... #........#... (.
.......g. #............ ...
..........#............ ...
.#.....r......####.... ##.
#............# ... #.
#...... .....# #.


You could see a quokka, a goblin and a kobold.

Vanquished Creatures
  A ball python (D:1)
  2 hobgoblins (D:1)
  2 bats (D:1)
  A frilled lizard (D:1)
  A goblin (D:1)
  A rat (D:1)
8 creatures vanquished.

Notes
Turn   | Place    | Note
-------+----------+-------------------------------------------
     0 | D:1      | Bobit the Gnoll Wanderer began the quest for the Orb.
     0 | D:1      | Bobit set off with the following items: a +0 dagger, a
                  | scroll of fog, a potion of heal wounds, a +0 robe, a potion
                  | of curing; and the following spell memorised: Slow; and the
                  | following spells available to memorise: Dazzling Flash,
                  | Cause Fear.
     0 | D:1      | Reached XP level 1. HP: 20/20 MP: 4/4
   183 | D:1      | Reached XP level 2. HP: 3/26 MP: 5/5
   183 | D:1      | Slain by a quokka

Illustrated notes

Levels and vault maps discovered:
D:1:      nagdon_arrival_double_spiral, layout_basic, serial_corexii_hall,
          corexii_hall_statues_deadend, corexii_hall_statues_t

Action                     || total
---------------------------++-------
  Melee: Dagger            ||    30
         Bite              ||     6
   Cast: Slow              ||     1
   Stab: Sleeping          ||     1
 Armour: Robe              ||    11
  Dodge: Dodged            ||    29
